 Dungeon Crawl Stone Soup version 0.22.0-18-ge075c0de6d (webtiles) character file.

30 Jukra the Skirmisher (level 3, 0/29 HPs)
             Began as a Demonspawn Abyssal Knight on Aug 19, 2018.
             Was a Follower of Lugonu.
             Slain by an adder (2 damage)
             ... on level 2 of the Dungeon.
             The game lasted 00:07:44 (1509 turns).

Jukra the Skirmisher (Demonspawn Abyssal Knight)    Turns: 1509, Time: 00:07:44

Health: 0/29       AC:  6    Str: 13    XL:     3   Next: 5%
Magic:  4/4        EV:  9    Int: 13    God:    Lugonu [*.....]
Gold:   126        SH:  0    Dex: 12    Spells: 2/2 levels left

rFire    . . .     SeeInvis .   a - +1 mace
rCold    . . .     Gourm    .   (no shield)
rNeg     . . .     Faith    .   l - +0 scale mail
rPois    .         Spirit   .   (no helmet)
rElec    .         Reflect  .   (no cloak)
rCorr    .         Harm     .   (no gloves)
MR       .....                  (no boots)
Stlth    ..........             (no amulet)
HPRegen  0.09/turn              (no ring)
MPRegen  0.09/turn              (no ring)

@: lethally poisoned (0 -> -2)
A: talons 1
a: Depart the Abyss, Renounce Religion


You were on level 2 of the Dungeon.
You worshipped Lugonu.
Lugonu was aware of your devotion.
You were near starving.

You visited 1 branch of the dungeon, and saw 2 of its levels.
You visited the Abyss 1 time.

You collected 126 gold pieces.

Inventory:

Hand Weapons
 a - a +1 mace (weapon)
Missiles
 e - a throwing net (quivered)
Armour
 l - a +0 scale mail (worn)
Wands
 h - a wand of enslavement (6)
Scrolls
 b - a scroll of identify {unknown}
 g - a scroll of teleportation {unknown}
 j - a scroll of remove curse {unknown}
Potions
 d - a potion of curing {unknown}
 f - a potion of heal wounds {unknown}
 i - a potion of haste {unknown}
 k - a potion of flight {unknown}
 m - a potion of agility {unknown}
Comestibles
 c - 4 rations


   Skills:
 * Level 3.6 Fighting
 * Level 2.2 Maces & Flails
 * Level 2.0 Armour
 * Level 1.0 Dodging
 + Level 2.4 Invocations


You had 2 spell levels left.
You didn't know any spells.
Your spell library was empty.

Dungeon Overview and Level Annotations

Branches:
Dungeon (2/15)

Altars:


Innate Abilities, Weirdness & Mutations

You have sharp toenails.


Message History

The adder is severely wounded.
The adder bites you but does no damage. The adder closely misses you.
You hit the adder. Your kick misses the adder.
The adder is almost dead.
The adder bites you.
* * * LOW HITPOINT WARNING * * *
You are poisoned.
The adder poisons you!
You barely miss the adder.
The adder is almost dead.
You feel sick. The adder barely misses you. The adder bites you.
* * * LOW HITPOINT WARNING * * *
You closely miss the adder. Your kick misses the adder.
The adder is almost dead.
The adder bites you but does no damage. The adder barely misses you.
You miss the adder.
The adder is almost dead.
* * * LOW HITPOINT WARNING * * *
You feel sick. The adder bites you.
You die...

.###.# ##......... .# .#
.....#....##.#### .#
#............... .#
....[.......... ##
#..$......... # #...........
####.#. . #..)h....####.
.............#.##S#........
.....#........l.@....######.#
######......##.###...........
...# #...#..##.# #....#####.
##+###.#.#..##.###....# .....#
...............# .....#
#............#.########
.....###....######............
............##......#.########
.....####...........#.#


You could see an adder, a jackal and a frilled lizard.

Vanquished Creatures
  A worm (D:2)
  A giant cockroach (D:1)
  2 goblins
  2 hobgoblins
  7 jackals
  4 kobolds
  2 ball pythons
  A bat (D:1)
  3 frilled lizards (D:1)
  3 rats (D:1)
26 creatures vanquished.

Notes
Turn   | Place    | Note
-------+----------+-------------------------------------------
     0 | Abyss:1  | Jukra the Demonspawn Abyssal Knight began the quest for the Orb.
     0 | Abyss:1  | Reached XP level 1. HP: 18/18 MP: 2/2
    47 | Abyss:1  | Noticed a wretched star
    50 | D:1      | Escaped the Abyss
   432 | D:1      | Reached skill level 1 in Dodging
   438 | D:1      | Gained mutation: You have sharp toenails. [demonic ancestry]
   438 | D:1      | Reached XP level 2. HP: 23/24 MP: 3/3
   471 | D:1      | Reached * piety under Lugonu
  1500 | D:2      | Reached XP level 3. HP: 14/29 MP: 4/4
  1509 | D:2      | Slain by an adder

Skill      XL: |  1  2 |
---------------+-------+-----
Dodging        | 1 |  1.0
Maces & Flails | 2 |  2.2
Armour         | 2 |  2.0
Fighting       | |  3.6
Invocations    | |  2.4

Action                   || total
-------------------------++-------
Melee: Mace              ||    86
       Kick              ||    10
Invok: Depart the Abyss  ||     1
Armor: Ring mail         ||    25
       Scale mail        ||    29
Dodge: Dodged            ||    61
